Map: Triton LE

Players

SortOf - Winner!

  • Race: Zerg Zerg
  • League: Platinum
  • Spawn Location: 11:00

uThermal

  • Race: Terran Terran
  • Spawn Location: 5:00

VOD

Have the link to the VOD?

Description

Time

  • Played on: Sept. 7, 2019, 12:31 p.m.
  • Length: 7:43
Show
View Real Time Build Order
Export as new Build Order

SortOf Zerg - Winner!

Build Orders: Hatch First 

Get SALT Encoding   

  12  0:00  Drone  
  13  0:13  Overlord  
  13  0:20  Drone  
  14  0:32  Drone x2  
  16  0:48  Hatchery  
  15  0:51  Drone  
  15  0:55  Drone  
  17  0:59  Drone  
  18  1:10  Extractor  
  17  1:14  Spawning Pool  
  17  1:17  Drone  
  17  1:21  Drone  
  18  1:29  Drone  
  19  1:39  Drone  
  20  1:49  Overlord  
  20  2:00  Queen x2  
  24  2:01  Zergling x4  
  26  2:11  Drone  
  26  2:12  Drone  
  26  2:14  Metabolic Boost  
  28  2:22  Drone x2  
  30  2:33  Spore Crawler, Extractor  
  30  2:34  Drone x2  
  30  2:39  Queen  
  30  2:43  Overlord  
  34  2:47  Drone  
  34  2:49  Pneumatized Carapace  
  35  2:55  Drone  
  35  2:57  Overlord  
  36  3:11  Hatchery  
  35  3:15  Drone  
  35  3:16  Queen, Drone  
  39  3:28  Drone  
  39  3:33  Drone  
  41  3:34  Queen  
  41  3:35  Drone x2  
  41  3:36  Drone  
  41  3:39  Overlord  
  46  3:41  Zergling x2  
  46  3:45  Overlord  
  47  3:48  Zergling x2  
  47  3:49  Zergling x4  
  47  3:50  Zergling x2  
  51  3:59  Drone x2  
  51  4:00  Lair  
  53  4:15  Drone x2  
  55  4:18  Queen  
  55  4:22  Drone x2  
  55  4:23  Queen  
  61  4:25  Drone x6  
  67  4:33  Overlord  
  67  4:36  Overlord, Drone  
  67  4:37  Drone  
  69  4:46  Zergling x6  
  71  4:53  Overlord  
  71  4:54  Queen  
  71  4:56  Zergling x10  
  71  4:59  Spore Crawler  
  77  5:00  Spore Crawler  
  77  5:04  Queen  
  77  5:05  Queen  
  80  5:07  Drone  
  80  5:11  Nydus Network  
  80  5:15  Zergling x8  
  80  5:19  Overseer  
  84  5:24  Spore Crawler  
  84  5:25  Zergling x12  
  89  5:36  Overlord  
  89  5:39  Overlord, Zergling x2  
  89  5:41  Overlord  
  90  5:46  Queen x2  
  90  5:48  Overlord  
  90  5:49  Nydus Canal  
  94  5:52  Zergling x8  
  94  5:55  Overlord  
  98  5:59  Zergling x12  
  98  6:02  Spore Crawler  
  92  6:06  Nydus Canal  
  92  6:07  Zergling x2  
  92  6:09  Zergling x2  
  90  6:13  Zergling x4  
  90  6:16  Zergling x4  
  85  6:22  Zergling x10  
  77  6:27  Zergling x2  
  77  6:28  Zergling x2  
  77  6:30  Zergling x2  
  69  6:39  Zergling x2  
  66  6:44  Queen  
  68  6:47  Drone x2  
  67  6:56  Drone x2  
  64  7:03  Zergling x2  
  64  7:04  Zergling x6  
  64  7:09  Drone x2  
  64  7:20  Zergling x6  
  62  7:30  Drone x3  
Show
View Real Time Build Order
Export as new Build Order

uThermal Terran 

Build Orders: Reaper Expand, Mech 

Get SALT Encoding   

  12  0:01  SCV  
  13  0:13  SCV  
  14  0:17  Supply Depot  
  14  0:25  SCV  
  15  0:38  SCV  
  15  0:40  Barracks  
  16  0:43  Refinery  
  16  0:50  SCV  
  17  1:03  SCV  
  18  1:15  SCV  
  19  1:27  Orbital Command, Reaper  
  20  1:39  Command Center  
  20  1:50  Supply Depot  
  20  1:53  SCV  
  21  1:59  Marine  
  22  2:05  SCV  
  23  2:08  Factory  
  23  2:17  SCV  
  23  2:20  Barracks Reactor  
  24  2:29  SCV  
  25  2:40  Command Center  
  25  2:43  SCV  
  26  2:54  Orbital Command  
  26  2:55  SCV  
  27  3:02  Starport  
  27  3:08  SCV  
  27  3:09  Refinery  
  30  3:13  Hellion  
  30  3:20  SCV x2  
  30  3:22  Hellion  
  34  3:32  SCV  
  34  3:33  SCV  
  38  3:34  Hellion  
  38  3:38  Marine  
  39  3:44  SCV  
  39  3:48  Hellion, SCV, Fusion Core  
  42  3:53  Orbital Command  
  45  3:55  Hellion  
  45  3:56  SCV  
  45  4:00  SCV  
  47  4:04  Refinery  
  47  4:08  SCV, Refinery  
  47  4:09  Starport Tech Lab  
  48  4:14  SCV, Hellion  
  51  4:19  SCV, Supply Depot  
  51  4:20  SCV  
  53  4:25  Hellion  
  53  4:26  SCV  
  57  4:33  SCV  
  56  4:41  Battlecruiser  
  56  4:45  SCV x2, Supply Depot  
  64  4:48  SCV  
  67  4:52  Hellion  
  67  4:56  Hellion  
  69  5:02  Supply Depot  
  69  5:07  SCV  
  69  5:08  Factory  
  69  5:10  SCV, Factory  
  69  5:11  Supply Depot  
  72  5:16  Hellion  
  72  5:17  Hellion  
  72  5:19  SCV  
  76  5:23  Orbital Command  
  76  5:26  Supply Depot  
  76  5:28  SCV  
  77  5:31  SCV  
  78  5:39  Hellion x2  
  78  5:40  SCV  
  83  5:43  SCV  
  83  5:45  Battlecruiser  
  90  5:50  SCV  
  90  5:52  SCV  
  90  5:54  Factory Tech Lab x2  
  90  5:56  SCV  
  90  5:57  Armory  
  93  6:00  Hellion  
  93  6:01  Hellion  
  93  6:09  SCV  
  87  6:14  Siege Tank  
  87  6:15  Siege Tank  
  80  6:22  Hellion  
  74  6:28  Hellion  
  52  6:43  Hellion  
  52  6:47  Siege Tank, Hellion  
Tags
 
Add a new tag
Caveats
  • Supply blocks, unpowered buildings, or Contaminate may cause inaccurate times.
  • Supply counts are checked every 10 seconds.